 Dungeon Crawl Stone Soup version 0.28.0 (webtiles) character file.

Game seed: 2851898219509974171

132 Sanktem7 the Covered (level 4, -2/41 HPs)
             Began as a Minotaur Fighter on Feb 12, 2022.
             Slain by a gnoll (4 damage)
             ... on level 3 of the Dungeon.
             The game lasted 00:02:26 (2704 turns).

Sanktem7 the Covered (Minotaur Fighter)             Turns: 2704, Time: 00:02:26

Health: -2/41      AC:  7    Str: 23    XL:     4   Next: 92%
Magic:  3/3        EV:  9    Int:  5    God:
Gold:   182        SH:  4    Dex:  9    Spells: 3/3 levels left

rFire   . . .      SeeInvis .   a - +0 war axe
rCold   . . .      Faith    .   c - +0 buckler
rNeg    . . .      Spirit   .   b - +0 scale mail
rPois   .          Reflect  .   (helmet restricted)
rElec   .          Harm     .   (no cloak)
rCorr   .          Rampage  .   (no gloves)
Will    .....                   (no boots)
Stlth   ..........              (no amulet)
HPRegen 0.13/turn               (no ring)
MPRegen 0.08/turn               (no ring)

@: no status effects
A: horns 2, retaliatory headbutt
a: no special abilities


You were on level 3 of the Dungeon.
You visited 1 branch of the dungeon, and saw 3 of its levels.

You collected 182 gold pieces.

Inventory:

Hand Weapons
 a - a +0 war axe (weapon)
Armour
 b - a +0 scale mail (worn)
 c - a +0 buckler (worn)
Jewellery
 e - a ring of ice
Wands
 k - a wand of flame (10)
Scrolls
 g - 2 scrolls of enchant armour {unknown}
 l - a scroll of amnesia {unknown}
 m - 2 scrolls of identify {unknown}
 n - a scroll of teleportation {unknown}
Potions
 d - 2 potions of might
 f - a potion of curing {unknown}
 h - a potion of haste {unknown}
 i - a potion of magic {unknown}
 j - a potion of degeneration {unknown}
 o - a potion of mutation {unknown}


   Skills:
 * Level 4.7 Fighting
 * Level 4.3 Axes
 * Level 4.7 Armour
 + Level 0.5 Dodging
 - Level 3.6 Shields


You had 3 spell levels left.
You didn't know any spells.
Your spell library was empty.

Dungeon Overview and Level Annotations

Branches:
Dungeon (3/15)

Altars:


Innate Abilities, Weirdness & Mutations

You have a pair of horns on your head.
You reflexively headbutt those who attack you in melee.


Message History

* * * LOW HITPOINT WARNING * * *
The gnoll hits you with a +0 spear.
* * * LOW HITPOINT WARNING * * *
Things that are here:
a +0 halberd; a gnoll corpse You slash the gnoll!
The gnoll is severely wounded.
You closely miss the gnoll. The gnoll barely misses you.
The gnoll hits you with a +0 spear.
* * * LOW HITPOINT WARNING * * *
You barely miss the gnoll.
The gnoll is severely wounded.
You hit the gnoll. The gnoll closely misses you. x2
The gnoll barely misses you.
You completely miss the gnoll.
The gnoll is severely wounded.
You slash the gnoll! The gnoll barely misses you. x2
The gnoll closely misses you.
You closely miss the gnoll.
The gnoll is severely wounded.
You hit the gnoll.
You kill the gnoll!
The gnoll barely misses you. You furiously retaliate!
You headbutt the gnoll.
You kill the gnoll!
You block the quokka's attack.
You hit the quokka but do no damage. The quokka bites you.
* * * LOW HITPOINT WARNING * * *
You closely miss the quokka. You block the quokka's attack.
The quokka barely misses you.
You closely miss the quokka. The quokka bites you.
* * * LOW HITPOINT WARNING * * *
The quokka bites you but does no damage.
You barely miss the quokka. Your headbutt misses the quokka.
The quokka bites you but does no damage.
Unknown command.
You barely miss the quokka. The quokka completely misses you.
The quokka barely misses you. You furiously retaliate!
You headbutt the quokka!
You kill the quokka!
The gnoll hits you with a +0 flail.
You die...

###.#### .......#
.......# ########
....>.##
####......##
......#
.≈g≈.......#
......#
.≈≈≈.......#
......#
8..........#
.....(# .≈≈≈......#
......# .≈g≈..g@)#
......#######...#)#
..............$.#.#
.......##########.#
.......##########.#
######..........#.#
.# #..........#.#
.# #.........(#.#
.# #..........#.#


You could see a gnoll and 2 goblins.

Vanquished Creatures
  3 gnolls (D:3)
  4 adders
  A worm (D:3)
  3 dart slugs (D:1)
  An orc (D:3)
  2 bats
  6 endoplasms
  5 goblins
  2 hobgoblins
  5 jackals
  7 kobolds
  4 quokkas
  2 ball pythons
  5 frilled lizards
  6 rats
56 creatures vanquished.

Notes
Turn   | Place    | Note
-------+----------+-------------------------------------------
     0 | D:1      | Sanktem7 the Minotaur Fighter began the quest for the Orb.
     0 | D:1      | Reached XP level 1. HP: 19/19 MP: 0/0
   245 | D:1      | Reached XP level 2. HP: 21/27 MP: 1/1
   518 | D:1      | Reached XP level 3. HP: 34/34 MP: 2/2
  1521 | D:2      | Found a faded altar of an unknown god.
  1984 | D:3      | Reached XP level 4. HP: 41/41 MP: 3/3
  2701 | D:3      | HP: 2/41 [quokka (2)]
  2704 | D:3      | Slain by a gnoll

Illustrated notes

Levels and vault maps discovered:
D:1:      dpeg_arrival_arbitrary_a, layout_loops_ring, minmay_3d_cube
D:2:      layout_basic, ebering_ecumenical_altar_hall
D:3:      layout_basic, kennysheep_okawaru_gauntlet

Skill      XL: |  1  2  3  4 |
---------------+-------------+-----
Fighting       | 4 |  4.7
Armour         | 4 |  4.7
Axes           | 3 4 |  4.3
Dodging        | |  0.5
Shields        | |  3.6

Action                   |  1- 3 |  4- 6 || total
-------------------------+-------+-------++-------
Melee: War axe           |    93 |    43 ||   136
       Headbutt          |     7 |     4 ||    11
Armor: Scale mail        |    40 |    19 ||    59
Dodge: Dodged            |    51 |    32 ||    83
Block: Buckler           |    18 |     9 ||    27
